AoeStats
← hightower_208

Arena

508846829Analyzed
2v2 RM · 8d ago on Sep 24, 2026· 40m 33s· 4 players
Game mode
Random Map
Map size
Medium (4 player)
Population
200
Speed
Normal
Resources
Standard
Victory
Conquest
Starting age
Dark Age
Ending age
Imperial Age
RankedLock teamsTeams togetherTeam positionsShared explorationLock speedFull tech treeHidden civsTurbo modeCheats
Victory
Defeat
🇨🇱 Poles · Chile
1729
+14
🇩🇴 Varangians · Dominican Republic
1581
+21
🇩🇪 Varangians · Germany
1696
-18
🇩🇪 Vietnamese · Germany
1677
-17
RD | El_Zapatero22
9:33 Feudal Age
13:14 Castle Age
12:04 Double-Bit Axe
11:59 Horse Collar
14:28 Loom
19:01 Wheelbarrow
23:15 Bow Saw
23:07 Heavy Plow
27:43 Imperial Age
25:45 Scale Barding Armor
25:35 Gold Mining
26:01 Bloodlines
26:47 Chain Barding Armor
27:36 Husbandry
27:51 Forging
27:36 Vendel Legacy
29:18 Plate Barding Armor
28:45 Cavalier
31:12 Iron Casting
32:20 Conscription
34:36 Blast Furnace
33:32 Light Cavalry
36:28 Masonry
37:15 Hussar
39:39 Capped Ram
HR pikoLein
8:25 Feudal Age
8:25 Loom
8:58 Double-Bit Axe
10:30 Horse Collar
14:36 Fletching
18:57 Castle Age
18:15 Gold Mining
19:42 Heavy Plow
25:25 Imperial Age
24:06 Bow Saw
27:27 Chemistry
27:27 Masonry
30:04 Wheelbarrow
31:39 Scale Mail Armor
31:49 Forging
32:58 Chain Mail Armor
32:58 Pikeman
33:38 Squires
33:24 Arson
36:17 Iron Casting
35:50 Scale Barding Armor
36:18 Plate Mail Armor
hightower_208
9:46 Feudal Age
13:25 Castle Age
11:54 Double-Bit Axe
12:42 Horse Collar
14:34 Bow Saw
18:56 Wheelbarrow
23:04 Heavy Plow
24:47 Hand Cart
29:27 Imperial Age
27:12 Scale Barding Armor
27:29 Loom
28:16 Bloodlines
28:15 Husbandry
28:37 Chain Barding Armor
28:52 Forging
30:50 Plate Barding Armor
29:49 Cavalier
30:15 Gothikon
32:07 Iron Casting
34:39 Blast Furnace
39:35 Fletching
Mjoelnir
6:53 Loom
10:19 Feudal Age
14:39 Castle Age
13:25 Double-Bit Axe
24:41 Imperial Age
29:15 Fletching
31:39 Bodkin Arrow
35:33 Bracer
38:07 Bow Saw
38:45 Ballistics
38:26 Gold Mining
40:24 Padded Archer Armor
Connection lost

Rejoining the realm…

Still unreachable

The connection could not be restored.

Session expired

The server has moved on; the page needs a fresh start.